 Dungeon Crawl Stone Soup version 0.17.1-3-g152610e (webtiles) character file.

65 Peloso the Covered (level 3, -2/33 HPs)
             Began as a Minotaur Fighter on Mar 12, 2016.
             Slain by Natasha (5 damage)
             ... on level 2 of the Dungeon.
             The game lasted 00:03:17 (1291 turns).

Peloso the Covered (Minotaur Fighter)               Turns: 1291, Time: 00:03:17

Health: -2/33      AC:  7    Str: 20    XL:     3   Next: 92%
Magic:  2/2        EV:  8    Int:  5    God:
Gold:   94         SH:  9    Dex: 10    Spells: 0 memorised, 2 levels left

rFire  . . .     SeeInvis .     a - +0 long sword
rCold  . . .     Clarity  .     b - +0 scale mail
rNeg   . . .     SustAt   .     c - +0 shield
rPois  .         Gourm    .     (helmet restricted)
rElec  .         Spirit   .     (no cloak)
rCorr  .         Warding  .     (no gloves)
rMut   .         Stasis   .     (no boots)
MR     .....                    (no amulet)
Stlth  ..........               (no ring)
                                (no ring)

@: not resistant to hostile enchantments, extremely unstealthy
A: retaliatory headbutt, horns 2
a: no special abilities


You were on level 2 of the Dungeon.
You were not hungry.

You visited 1 branch of the dungeon, and saw 2 of its levels.

You collected 94 gold pieces.

Inventory:

Hand Weapons
 a - a +0 long sword (weapon)
Armour
 b - a +0 scale mail (worn)
 c - a +0 shield (worn)
Scrolls
 g - 3 scrolls of identify {unknown}
 j - 6 scrolls of remove curse {unknown}
 k - a scroll of amnesia {unknown}
 l - 2 scrolls of magic mapping {unknown}
 t - a scroll of enchant weapon {unknown}
 u - a scroll of fog {unknown}
Potions
 d - a potion of might
 f - a potion of degeneration {unknown}
 h - 2 potions of agility
 m - a potion of ambrosia {unknown}
 r - a potion of flight {unknown}
 s - a potion of heal wounds {unknown}
Comestibles
 e - a bread ration
 i - 2 meat rations
 n - 4 fruits
 q - a slice of pizza


   Skills:
 + Level 4.1 Fighting
 + Level 2.6 Long Blades
 + Level 4.3 Armour
 + Level 1.8 Dodging
 + Level 4.2 Shields


You had 2 spell levels left.
You didn't know any spells.

Dungeon Overview and Level Annotations

Branches:
Dungeon (2/15)

Altars:
Elyvilon
Ru

Annotations:
D:2 Natasha


Innate Abilities, Weirdness & Mutations

You reflexively headbutt those who attack you in melee.
You have a pair of horns on your head.


Message History

You block the hobgoblin's attack.
Unknown command.
You hit Natasha but do no damage.
Natasha is severely wounded.
Natasha casts a spell.
The hobgoblin hits you with a club.
* * * LOW HITPOINT WARNING * * *
Natasha mumbles some strange words.
Unknown command.
Drink which item? (? for menu, Esc to quit)
Okay, then.
Your shield and scale mail prevent you from hitting Natasha.
Natasha is severely wounded.
The crimson imp blinks!
You block the hobgoblin's attack. You block Natasha's attack.
The crimson imp blinks!
Unknown command.
You closely miss Natasha.
Natasha is severely wounded.
You block the hobgoblin's attack. Natasha claws you.
You die...

.........#...........#
.........#...........#
.........#........5..#
.........#...........#
.........#...........#
#####...##...........#
# ##..##.....5.ยง...#
## #..##.....g.5...##
.# ##..#.....h@.....#
.## #..#######'####.#
..# ##..#### #.#
..######.....# #.#
.......#..##.###.#
###....#[.>......#
#....#.###.##### #
#....#.......# #
#....#####.#.######.


You could see Natasha, 2 crimson imps, a white imp and a hobgoblin.

Vanquished Creatures
  Natasha (D:2)
  An adder (D:2)
  A worm (D:2)
  2 giant geckos (D:2)
  3 bats (D:2)
  2 giant cockroaches
  3 hobgoblins
  5 kobolds
  A quokka (D:2)
  5 goblins
  4 rats
28 creatures vanquished.

Notes
Turn   | Place    | Note
--------------------------------------------------------------
     0 | D:1      | Peloso the Minotaur Fighter began the quest for the Orb.
     0 | D:1      | Reached XP level 1. HP: 19/19 MP: 0/0
   230 | D:1      | Reached XP level 2. HP: 27/27 MP: 1/1
   504 | D:2      | Reached skill level 4 in Fighting
   769 | D:2      | Reached skill level 1 in Dodging
   858 | D:2      | Found a sacrificial altar of Ru.
   942 | D:2      | Reached XP level 3. HP: 31/33 MP: 2/2
   978 | D:2      | Noticed Natasha
   991 | D:2      | HP: 1/33 [Natasha (1)]
   994 | D:2      | Killed Natasha
  1251 | D:2      | Found a white marble altar of Elyvilon.
  1279 | D:2      | Noticed Natasha
  1291 | D:2      | Slain by Natasha

Action                   || total
-------------------------++-------
Melee: Long sword        ||    83
  Use: Potion            ||     2
  Eat: Chunk             ||     1
